 Dungeon Crawl Stone Soup version 0.24-a0-203-gf0bc1e9 (webtiles) character file.

Game seed: 9872997074890639076

14 Borgoz the Ducker (level 2, -3/18 HPs)
             Began as a Kobold Wanderer on Mar 26, 2019.
             Slain by a kobold
             ... wielding a +0 whip
              (7 damage)
             ... on level 1 of the Dungeon.
             The game lasted 00:02:16 (847 turns).

Borgoz the Ducker (Kobold Wanderer)                  Turns: 847, Time: 00:02:16

Health: -3/18      AC:  2    Str:  5    XL:     2   Next: 60%
Magic:  5/5        EV: 15    Int: 15    God:
Gold:   0          SH:  0    Dex: 16    Spells: 5/5 levels left

rFire    . . .     SeeInvis .   a - +0 short sword
rCold    . . .     Gourm    .   (shield restricted)
rNeg     . . .     Faith    .   d - +0 robe
rPois    .         Spirit   .   (no helmet)
rElec    .         Reflect  .   (no cloak)
rCorr    .         Harm     .   (no gloves)
MR       .....                  (no boots)
Stlth    ++........             (no amulet)
HPRegen  0.06/turn              (no ring)
MPRegen  0.09/turn              (no ring)

@: flying
A: small, carnivore
a: no special abilities


You were on level 1 of the Dungeon.
You were very full.

You visited 1 branch of the dungeon, and saw 1 of its levels.

Inventory:

Hand Weapons
 a - a +0 short sword (weapon)
Armour
 d - a +0 robe (worn)
Wands
 b - a wand of paralysis (15)
Scrolls
 c - a scroll of teleportation
 g - 2 scrolls of identify {unknown}
 h - a scroll of enchant weapon {unknown}
Comestibles
 f - a ration


   Skills:
 + Level 2.3 Fighting
 + Level 0.7 Short Blades
 + Level 1.2 Throwing
 + Level 0.5 Armour
 + Level 2.6 Dodging
 + Level 0.5 Stealth
 - Level 1.0 Unarmed Combat
 + Level 2.3 Spellcasting
   Level 1.0 Hexes
 + Level 1.4 Evocations


You had 5 spell levels left.
You didn't know any spells.
Your spell library was empty.

Dungeon Overview and Level Annotations

Branches:
Dungeon (1/15)

Altars:


Innate Abilities, Weirdness & Mutations

You are small and have problems with some larger weapons.
You are carnivorous and can eat meat at any time.


Message History

You fly up into the air.
The hobgoblin hits you but does no damage.
You closely miss the hobgoblin.
The hobgoblin is heavily wounded.
The hobgoblin closely misses you.
You hit the hobgoblin.
The hobgoblin is severely wounded.
The hobgoblin closely misses you.
You hit the hobgoblin.
The hobgoblin is almost dead.
The hobgoblin hits you but does no damage.
You hit the hobgoblin but do no damage.
The hobgoblin is almost dead.
The hobgoblin misses you.
You hit the hobgoblin.
You kill the hobgoblin!
You hit the kobold.
The kobold is moderately wounded.
The kobold hits you with a +0 whip!
You die...

### #.###########
#...........#
#.#########.###### #.#
#.........# #.#
#.#.#####.# #÷# #.#.# #.#
# #@#.# ### #.#.#
#K#.#...
##...#.###g#.#.###.
#######..#...............
.........#.#.....#.......
.........# #.............
#.######.# #.#.......####
♣≈♣≈≈≈≈#..........K......
...P..≈#.#.#.#...........


You could see a goblin and a kobold.

Vanquished Creatures
  2 bats (D:1)
  A giant cockroach (D:1)
  2 goblins (D:1)
  3 hobgoblins (D:1)
  A frilled lizard (D:1)
  3 kobolds (D:1)
  2 rats (D:1)
14 creatures vanquished.

Vanquished Creatures (others)
  5 toadstools (D:1)
5 creatures vanquished.

Grand Total: 19 creatures vanquished

Notes
Turn   | Place    | Note
-------+----------+-------------------------------------------
     0 | D:1      | Borgoz the Kobold Wanderer began the quest for the Orb.
     0 | D:1      | Borgoz set off with the following items: a +0 short sword,
                  | a wand of paralysis (15), a scroll of teleportation, a +0
                  | robe, a ration
     0 | D:1      | Reached XP level 1. HP: 12/12 MP: 3/3
   290 | D:1      | Reached XP level 2. HP: 6/17 MP: 5/5
   847 | D:1      | Slain by a kobold

Levels and vault maps discovered:
D:1:      ldierk_walled_garden, layout_basic, kennysheep_doodads,
          minmay_rat_gold_closets

Action                   || total
-------------------------++-------
Melee: Short sword       ||    87
  Use: Potion            ||     1
 Stab: Sleeping          ||     1
  Eat: Chunk             ||     6
Armor: Robe              ||    15
Dodge: Dodged            ||    81

Table legend:
 A = Non-vault XP
 B = Vault XP
 C = Vault XP percentage of total XP
 D = Non-vault monster count
 E = Vault monster count
 F = Vault count percentage of total count
                 A         B        C        D         E       F
            +---------+---------+-------+---------+---------+-------
      Total |      21 |       0 |   0.0 |      14 |       0 |   0.0
            +---------+---------+-------+---------+---------+-------
        D:1 |      21 |       0 |   0.0 |      14 |       0 |   0.0
            +---------+---------+-------+---------+---------+-------
